 Dungeon Crawl Stone Soup version 0.28-a0-1632-g283549b12f (webtiles) character file.

Game seed: 16639057681798600358

193 Conn the Firebug (level 5, 0/32 HPs)
             Began as an Octopode Fire Elementalist on Jan 25, 2022.
             Slain by a sky beast (4 damage)
             ... on level 4 of the Dungeon.
             The game lasted 00:06:11 (3625 turns).

Conn the Firebug (Octopode Fire Elementalist)       Turns: 3625, Time: 00:06:11

Health: 0/32       AC:  1    Str:  8    XL:     5   Next: 72%
Magic:  0/9        EV: 13    Int: 19    God:
Gold:   232        SH:  0    Dex: 12    Spells: 3/10 levels left

rFire   + . .      SeeInvis .   d - +0 short sword (flame)
rCold   + . .      Faith    .   (no shield)
rNeg    . . .      Spirit   .   (helmet restricted)
rPois   +          Reflect  .   (no amulet)
rElec   +          Harm     .   c - ring of wizardry
rCorr   +          Rampage  .   (no ring)
Will    .....                   (no ring)
Stlth   +++.......              (no ring)
HPRegen 0.10/turn               (no ring)
MPRegen 0.11/turn               (no ring)
                                (no ring)
                                (no ring)

@: resistant
A: almost no armour, amphibious, 8 rings, camouflage 1, gelatinous body 1,
(nimble swimmer 1), tentacles
a: no special abilities


You were on level 4 of the Dungeon.
You visited 1 branch of the dungeon, and saw 4 of its levels.

You collected 232 gold pieces.

Inventory:

Hand Weapons
 d - a +0 short sword of flaming (weapon)
Jewellery
 c - a ring of wizardry (left tentacle)
Scrolls
 a - 2 scrolls of noise {unknown}
 b - a scroll of brand weapon {unknown}
 e - a scroll of torment {unknown}
 f - 3 scrolls of teleportation {unknown}
 j - 3 scrolls of enchant weapon {unknown}
 k - a scroll of amnesia {unknown}
Potions
 i - a potion of might {unknown}


   Skills:
 + Level 0.3 Fighting
 + Level 0.7 Short Blades
 + Level 2.2 Dodging
 + Level 4.2 Stealth
 + Level 3.0 Spellcasting
 + Level 1.7 Conjurations
 + Level 4.5 Fire Magic


You had 3 spell levels left.
You knew the following spells:

 Your Spells              Type           Power      Damage    Failure   Level
a - Foxfire               Conj/Fire      56%        2x1d6     1%          1
b - Conjure Flame         Conj/Fire      14%        6-21      5%          3
c - Inner Flame           Hex/Fire       11%        N/A       8%          3

Your spell library contained the following spells:

 Spells                   Type           Power      Damage    Failure   Level
 Scorch                   Fire           40%        2d7       1%          2
 Summon Small Mammal      Summ           8%         N/A       6%          1
 Call Canine Familiar     Summ           2%         N/A       17%         3
 Summon Guardian Golem    Hex/Summ       2%         N/A       17%         3
 Flame Wave               Conj/Fire      14%        2d6       16%         4


Dungeon Overview and Level Annotations

Branches:
Dungeon (4/15)
 Temple: D:4-7

Altars:
Wu Jian

Portals:
Abyss: D:3

Annotations:
D:3 2 transporters, anet's ghost, amateur HOCj


Innate Abilities, Weirdness & Mutations

You cannot wear most types of armour.
You are amphibious.
You can wear up to eight rings at the same time.
Your skin changes colour to match your surroundings (Stealth+).
Your rubbery body absorbs attacks. (AC +1, EV +1)
((You are camouflaged when in or above water. (Stealth+)))
You have tentacles for arms and can constrict up to eight enemies at once.


Message History

The foxfire hits something but does no damage.
Unknown command.
A sky beast appears from thin air!
Reactivating autopickup.
Casting: Foxfire (safe; 1% risk of failure)
Confirm with . or Enter, or press ? or * to list all spells.
You conjure some foxfire!
The sky beast flickers out of sight!
Deactivating autopickup; reactivate with Ctrl-A.
Something hits you. Something shocks you.
Unknown command.
You closely miss something. Your squeeze misses something.
The foxfire hits something but does no damage. x2
Something hits you. Something shocks you.
Unknown command.
You miss something. Something hits you. Something shocks you.
Unknown command.
You aren't carrying any items that you can evoke.
Something hits you. Something shocks you.
* * * LOW HITPOINT WARNING * * *
A sky beast appears from thin air!
Reactivating autopickup.
The sky beast flickers out of sight!
Deactivating autopickup; reactivate with Ctrl-A.
Okay, then.
Okay, then.
It was a potion of resistance.
You feel protected. Something hits you.
* * * LOW HITPOINT WARNING * * *
Something shocks you. You resist.
* * * LOW HITPOINT WARNING * * *
It was a potion of curing.
You feel better. Something hits you.
* * * LOW HITPOINT WARNING * * *
Something shocks you. You resist.
* * * LOW HITPOINT WARNING * * *
Okay, then.
Casting: Foxfire (safe; 1% risk of failure)
Confirm with . or Enter, or press ? or * to list all spells.
You conjure some foxfire!
Something hits you.
You die...

#...# .# . #...# #.##...
#######...########.......
#.........>..............
#.......########.#######.
#.......# #.#
#.......########.#######
#..........vv..#.#......
#..........{@..#.#g.....
#.≈.....########.#######
#####+#.# #.# #.# ####.##
#.# #.##..###### #+#
#.........<# #####.######
#######.########
+..............#


You could see a hobgoblin.

Vanquished Creatures
  A bullfrog zombie (D:3)
  A hound (D:3)
  4 adders
  3 worms
  3 dart slugs (D:1)
  An orc (D:3)
  7 bats
  8 endoplasms
  6 giant cockroaches
  7 hobgoblins
  A jackal (D:1)
  4 quokkas (D:1)
  4 ball pythons
  4 frilled lizards
  8 goblins
  7 kobolds
  6 rats
  A toadstool (D:4)
76 creatures vanquished.

Vanquished Creatures (others)
  220 foxfires
220 creatures vanquished.

Grand Total: 296 creatures vanquished

Notes
Turn   | Place    | Note
-------+----------+-------------------------------------------
     0 | D:1      | Conn the Octopode Fire Elementalist began the quest for the
                  | Orb.
     0 | D:1      | Reached XP level 1. HP: 11/11 MP: 3/3
   129 | D:1      | Reached XP level 2. HP: 17/17 MP: 1/5
   576 | D:1      | Reached XP level 3. HP: 20/21 MP: 2/6
  1100 | D:1      | Found a faded altar of an unknown god.
  1121 | D:1      | Learned a level 3 spell: Conjure Flame
  1538 | D:2      | Reached XP level 4. HP: 27/27 MP: 2/7
  2500 | D:3      | Reached XP level 5. HP: 31/31 MP: 2/9
  2580 | D:3      | Found a one-way gate to the infinite horrors of the Abyss.
  2580 | D:3      | Found a transporter.
  2580 | D:3      | Noticed anet's ghost (amateur HOCj)
  2582 | D:3      | Noticed a small abomination
  2589 | D:3      | Noticed a small abomination
  2714 | D:3      | Found an ornate altar of the Wu Jian Council.
  3110 | D:3      | Found a transporter.
  3485 | D:3      | Learned a level 3 spell: Inner Flame
  3571 | D:4      | Noticed a sky beast
  3625 | D:4      | Slain by a sky beast

Illustrated notes

Levels and vault maps discovered:
D:1:      ncdulo_smallfort, layout_basic,
          dreamdust_ecumenical_altar_angels_and_demons, minmay_tiny_reverse_x
D:2:      layout_basic, st_stairs_13, minmay_octomino_c4
D:3:      layout_loops_cross, nzn_wu_jian_council_hall,
          gammafunk_ghost_abyssal_escape, hangedman_decor_growths
D:4:      layout_basic, mainiacjoe_overflow_tiny_flanked,
          serial_co_window_serial, co_window_paths_a, co_window_corner_a,
          co_window_corner_a, co_window_paths_a, co_window_paths_b,
          co_window_of_opportunity_a, co_window_cross_1, co_window_corner_b,
          co_window_cross_2, co_window_corner_b, co_window_cross_3,
          co_window_unsneaky_path_a, co_window_broadway_a, co_window_4corner_b,
          glass_columns_b, glass_columns_a, glass_columns_b,
          minmay_gold_behind_fungi, uniq_grinder

Skill      XL: |  1  2  3  4  5 |
---------------+----------------+-----
Stealth        | 3 4 |  4.2
Fire Magic     | 4 |  4.5
Spellcasting   | 3 |  3.0
Fighting       | |  0.3
Short Blades   | |  0.7
Dodging        | |  2.2
Conjurations   | |  1.7

Action                   |  1- 3 |  4- 6 || total
-------------------------+-------+-------++-------
Melee: Unarmed           |     5 |       ||     5
       Constrict         |     6 |    11 ||    17
       Tentacles         |     4 |     5 ||     9
       Short sword       |    17 |    36 ||    53
 Cast: Foxfire           |    58 |    68 ||   126
       Conjure Flame     |       |     1 ||     1
  Use: Potion            |       |     2 ||     2
 Stab: Sleeping          |     4 |     6 ||    10
Armor: Skin              |     2 |     3 ||     5
Dodge: Dodged            |    17 |    21 ||    38

Table legend: (Time is in decaauts)
 A = Elapsed time spent in this place.
 B = Non-inter-level travel time spent in this place.
 C = Inter-level travel time spent in this place.
 D = Time resting spent in this place.
 E = Time spent auto-exploring this place.
 F = Levels seen in this place.
 G = Mean time per level.
                   A        B        C        D        E       F      G
               +--------+--------+--------+--------+--------+-----+--------+
         Total |   3627 |   3592 |     35 |      0 |   2842 |   4 |  906.8 |
       Dungeon |   3627 |   3592 |     35 |      0 |   2842 |   4 |  906.8 |
               +--------+--------+--------+--------+--------+-----+--------+

Top non-repeatable levels by time:
     D:1: 1345 daAuts
     D:3: 1091 daAuts
     D:2: 1086 daAuts
     D:4: 105 daAuts
